Unix NetHack Version 5.0.0-0 post-release - last build Jul 19 2026 19:10:59 (3aa4ab31751d3886436d94b585a96704892fd477,branch:main).

Game began 2026-07-29 16:08:42, ended 2026-07-29 16:29:09.

HumaRuntu, chaotic female orcish Barbarian

                  ---  ---             ---
                 --.----.--           --.----                            ----
               ---........|          --.....--                           |..|
               |.........-           |.......---                       ---..|
      ----     |.........|  ----     |.........--                      |...--
      |..|     |.........|  |..------ ..........|         ------       |.|.|
      |..|     --.|..@D..| --.......|--........-         --....----    |.|.|
      |..|  ----|.|--D@..|--..-----.--..>...--.|         |........--   |.|.---
      --.---|..||.| |....||..--   |........--|.--        |.---.....--  |.|...|
     --|....|..--.| --.-.--.--    --...--...--..----------.---......|  |.|...|
   ---.----.......|  |-.....|      -...................*........-----  |.|...|
   |.[...-|.|...------..-.(-|---- |....----.......-----------...|      |....--
  --......|.|..-- |....|..[.--..| |...--  |-......|         --.--     --..).---
  |.......|...--  |.---|..../.).-------  --....----  ---      .|  --- |.......|
  |...........|----.|  |.........|    ----..)..|------.---   ..|---.---.--....|
  |.........)--|...^----....*.).--    |........--..|....*|  -----.......||...--
  |...........||......<).......`----  |..............*...---- --.....----|..--
  |..........--------------........|  |......[..............---.....--   ----
  --.........|            -----....|  |..........--...--.--.....-----
   ----..--.--                --.---  --.--.--..----.--------..--
      -------                  ---     -- -------  ---      ----
HumaRuntu the Pillager     St:18 Dx:18 Co:17 In:8 Wi:8 Ch:6  Chaotic
Dlvl:3  $:154 HP:0(53) Pw:9(9) AC:3  Xp:5 T:1699  Hallu

Latest messages:
 You are caught in a bear trap.
 You are caught in a bear trap.
 You are caught in a bear trap.
 You are caught in a bear trap.
 You are caught in a bear trap.
 You are caught in a bear trap.
 You are caught in a bear trap.
 You are caught in a bear trap.
 Are you waiting to get hit?  Use 'm' prefix to force a no-op (to rest).
 You are caught in a bear trap.
 You finally wriggle free.
 You see here 2 gems.
 You see here 2 gems.
 The water melon murmurs!
 You kill the poor wood golem!
 You hear the studio audience applaud!
 You kill the giant mango!
 You see here a fox corpse.
 There is a fox corpse here; eat it? [ynq] (n) y
 This fox corpse is copacetic.
 You finish eating the fox corpse.
 The greater snake misses!
 You miss the large cat.
 The vampire looks rather stupefied.
 The couatl hits!
 You smite the Woodland-elf!
 You are frozen by the duct tape golem's gaze!
 The captain hits!
 The octarine dragon just misses!
 The balrog hits!
 The guardian naga hatchling hits!
 The baby silver dragon hits!
 The yeek hits!
 The orc zombie hits!
 The jabberwock hits!
 The baby red dragon hits!
 The rothe hits!
 The baby crocodile hits!
 The mountain centaur hits!
 The warg misses!
 The fire vortex hits!
 The floating nose hits!
 The guardian naga hits!
 The jaguar just misses!
 The sasquatch hits!
 The earth elemental misses!
 The grue hits!
 You die...
 Do you want your possessions identified? [ynq] (y) y
 Do you want to see your attributes? [ynq] (y) q

Inventory:
 Coins    ('$')
  $ - 154 gold pieces
 Weapons  (')')
  b - a +0 axe (alternate weapon; not wielded)
  a - a thoroughly corroded +0 two-handed sword (weapon in hands)
 Armor    ('[')
  t - an uncursed +0 orcish helm (being worn)
  g - an uncursed +0 pair of high boots (being worn)
  q - a blessed +2 dwarvish cloak (being worn)
  c - an uncursed +0 orcish ring mail (being worn)
 Comestibles  ('%')
  d - 2 uncursed food rations
  e - an uncursed fortune cookie
  f - 2 uncursed tripe rations
  x - a cursed rotten tin of floating eye meat
 Scrolls  ('?')
  s - an uncursed scroll of fire
  m - a cursed scroll of identify
  j - an uncursed scroll of teleportation
 Spellbooks  ('+')
  l - an uncursed spellbook of identify
 Potions  ('!')
  k - an uncursed potion of hallucination
 Tools    ('(')
  u - an uncursed lock pick
  n - a cursed lock pick
  w - an uncursed tallow candle
  r - a cursed tin whistle
  h - a tinning kit (0:82)
 Gems/Stones  ('*')
  o - an uncursed rock

HumaRuntu the Barbarian's attributes:

Background:
 You were a Pillager, a level 5 female orcish Barbarian.
 You were chaotic, on a mission for Set
 who was opposed by Mitra (lawful) and Crom (neutral).
 You were right-handed.
 You were in the Gnomish Mines, on level 3.
 You entered the dungeon 1699 turns ago.
 There was a full moon in effect when your adventure ended.
 You had 300 experience points, 20 more were needed to attain level 6.

Basics:
 You had 0 out of 53 hit points.
 You had all 9 energy points (spell power).
 Your armor class was 3.
 Your wallet contained 154 aurics.
 Autopickup was on for '$?!/="+' plus thrown.

Final Characteristics:
 Your strength was 18 (limit:18/50).
 Your dexterity was 18 (limit:18).
 Your constitution was 17 (limit:18).
 Your intelligence was 8 (limit:16).
 Your wisdom was 8 (limit:16).
 Your charisma was 6 (limit:16).

Final Status:
 You were hallucinating.
 You weren't hungry.
 You were unencumbered.
 You were wielding a two-handed sword.
 You had basic skill with two-handed sword.

Final Attributes:
 You were stridently aligned.
 Your items were somewhat protected from fire.
 Your items were somewhat protected from cold.
 You were shock resistant.
 You were poison resistant.
 You had infravision.
 You were warded.
 You are dead.

Miscellaneous:
 You didn't encounter any bones levels.
 Total elapsed playing time was 20 minutes and 25 seconds.

Major events:
 Turn
    1: HumaRuntu the chaotic female orcish Barbarian entered the dungeon
  168: attained the rank of Pillager (level 3)
 1047: entered the Gnomish Mines
 1699: killed by a hallucinogen-distorted dwarf zombie, while frozen by a floating eye's gaze

You didn't know any spells.

Skills:
 Fighting Skills
   bare handed combat [Basic]
   two weapon combat  [Unskilled]
   riding             [Unskilled]
 Weapon Skills
   dagger             [Unskilled]
   axe                [Basic]
   pick-axe           [Unskilled]
   short sword        [Unskilled]
   broadsword         [Unskilled]
   long sword         [Unskilled]
   two-handed sword   [Basic]
   saber              [Unskilled]
   club               [Unskilled]
   mace               [Unskilled]
   morning star       [Unskilled]
   flail              [Unskilled]
   hammer             [Unskilled]
   quarterstaff       [Unskilled]
   spear              [Unskilled]
   trident            [Unskilled]
   bow                [Unskilled]
 Spellcasting Skills
   attack spells      [Unskilled]
   escape spells      [Unskilled]

Voluntary challenges:
 Character rerolling was not enabled.
 You were illiterate.
 You never genocided any monsters.
 You never polymorphed an object.
 You never changed form.
 You used no wishes.
Achievements:
 You attained the rank of Pillager.
 You entered a shop.
 You entered the Gnomish Mines.

 The Dungeons of Doom: levels 1 to 3
    Level 1:
       Some fountains, a sink, a grave.
    Level 2:
       A potion shop, an altar.
       Stairs down to The Gnomish Mines.
    Level 3:
 The Gnomish Mines:
    Level 3: <- You were here.
       Final resting place for
          you, killed by a hallucinogen-distorted dwarf zombie, while frozen by a floating eye's gaze.


Vanquished creatures:
  2 black puddings
  2 leprechauns
  a pony
  a gnome leader
  a gnomish wizard
  a kitten
  2 dwarves
 an orc zombie
  a dwarf zombie
  2 hobbits
  a hobgoblin
  3 cave spiders
  a yellow mold
  a red mold
  7 gnomes
  2 geckos
  2 foxes
  4 grid bugs
  a lichen
  4 newts
40 creatures vanquished.

No species were genocided or became extinct.

Game over:
                       ----------
                      /          \
                     /    REST    \
                    /      IN      \
                   /     PEACE      \
                  /                  \
                  |    HumaRuntu     |
                  |      154 Au      |
                  |   killed by a    |
                  | hallucinogen-dis |
                  |   torted dwarf   |
                  |      zombie      |
                  |       2026       |
                 *|     *  *  *      | *
        _________)/\\_//(\/(/\)/\//\/|_)_______

Goodbye HumaRuntu the Barbarian...

You died in The Gnomish Mines on dungeon level 3 with 2415 points,
and 154 pieces of gold, after 1699 moves.
You were level 5 with a maximum of 53 hit points when you died.

